 Dungeon Crawl Stone Soup version 0.28-a0-863-g8cecda6153 (webtiles) character file.

Game seed: 4097955177637298070

239 patchburns1 the Magician (level 5, 0/43 HPs)
             Began as a Deep Elf Air Elementalist on Nov 20, 2021.
             Succumbed to Sigmund's poison
             ... on level 3 of the Dungeon.
             The game lasted 00:15:00 (2953 turns).

patchburns1 the Magician (DEAE)                     Turns: 2953, Time: 00:15:01

Health: 0/43       AC: 22    Str:  5    XL:     5   Next: 79%
Magic:  10/13      EV:  2    Int: 21    God:
Gold:   52         SH:  0    Dex: 15    Spells: 10/13 levels left

rFire   . . .      SeeInvis .   s - +0 quarterstaff
rCold   + . .      Faith    .   (shield currently unavailable)
rNeg    . . .      Spirit   .   (armour currently unavailable)
rPois   +          Reflect  .   (helmet currently unavailable)
rElec   .          Harm     .   (cloak currently unavailable)
rCorr   +          Rampage  .   (gloves currently unavailable)
Will    .....      NoTele   +   (boots currently unavailable)
Stlth   ++........              (no amulet)
HPRegen 0.14/turn               k - ring of resist corrosion
MPRegen 0.13/turn               n - ring of protection from cold

@: mighty, lethally poisoned (0 -> -1), tree-form
A: stationary, stasis, torment immunity, boosted hp
a: no special abilities


You were on level 3 of the Dungeon.
You were a tree.
You visited 1 branch of the dungeon, and saw 3 of its levels.

You collected 52 gold pieces.

Inventory:

Hand Weapons
 l - a +0 club
 o - a +0 spear
 p - a +0 halberd
 r - a +0 dagger
 s - a +0 quarterstaff (weapon)
Missiles
 c - 8 poisoned darts
 g - 2 atropa-tipped darts
 j - 70 stones
 m - 22 arrows
 q - 5 curare-tipped darts
 u - 26 sling bullets
Armour
 a - a +0 robe (melded)
 e - a +0 pair of boots (melded)
 h - a +1 cloak (melded)
Jewellery
 k - a ring of resist corrosion (left branch)
 n - a ring of protection from cold (right branch)
Scrolls
 b - a scroll of silence {unknown}
 d - 3 scrolls of identify {unknown}
 i - a scroll of fear {unknown}
 v - a scroll of enchant weapon {unknown}


   Skills:
 + Level 1.0 Fighting
 + Level 0.8 Staves
 + Level 3.4 Dodging
 + Level 3.3 Stealth
 * Level 4.5 Spellcasting
 * Level 2.9 Conjurations
 * Level 4.1 Air Magic


You had 10 spell levels left.
You knew the following spells:

 Your Spells              Type           Power      Damage    Failure   Level
a - Shock                 Conj/Air       76%        1d7       2%          1
b - Static Discharge      Conj/Air       19%        N/A       4%          2

Your spell library contained the following spells:

 Spells                   Type           Power      Damage    Failure   Level
 Swiftness                Air            22%        N/A       6%          3
 Airstrike                Air            11%        N/A       22%         4


Dungeon Overview and Level Annotations

Branches:
Dungeon (3/15)

Altars:
Nemelex Xobeh


Message History

You bludgeon Sigmund!!
Sigmund is severely wounded.
Sigmund barely misses you.
You barely miss Sigmund.
Sigmund is severely wounded.
Sigmund hits you with a +2 scythe of venom!
You are lethally poisoned!
You sock Sigmund!
You kill Sigmund!
* * * LOW HITPOINT WARNING * * *
You feel very sick.
Your Fighting skill increases to level 1!
Your Spellcasting skill increases to level 4!
Your Air Magic skill increases to level 4!
You have reached level 5!
There is a lethal amount of poison in your body!
It was a potion of lignification.
You turn into a tree.
Your +1 cloak melds into your body.
Your +0 pair of boots melds into your body.
Your +0 robe melds into your body.
Your roots penetrate the ground.
* * * LOW HITPOINT WARNING * * *
You feel sick.
There is a lethal amount of poison in your body!
There is a lethal amount of poison in your body!
There is a lethal amount of poison in your body!
There is a lethal amount of poison in your body!
There is a lethal amount of poison in your body!
* * * LOW HITPOINT WARNING * * *
You feel sick.
* * * LOW HITPOINT WARNING * * *
You feel sick.
* * * LOW HITPOINT WARNING * * *
You feel sick.
* * * LOW HITPOINT WARNING * * *
You feel sick.
* * * LOW HITPOINT WARNING * * *
You feel sick.
* * * LOW HITPOINT WARNING * * *
You feel sick.
You die...

######.#####.....##
#.....>............
#.##############.##.#
#.##.. .. . #.##.#
... #.##.# ######
#.#. #.##.# #....#
#.##)# #....# ##
#.##♣###....##...
#.##...........#
#.######.)..####
#................
#################


There were no monsters in sight!

Vanquished Creatures
  Sigmund (D:3)
  4 gnolls (D:2)
  3 worms (D:2)
  A dart slug (D:1)
  2 ball pythons
  2 bats (D:2)
  4 endoplasms
  4 giant cockroaches
  3 goblins
  4 hobgoblins
  A kobold (D:2)
  2 quokkas
  4 frilled lizards
  6 rats
41 creatures vanquished.

Vanquished Creatures (others)
  15 plants (D:2)
15 creatures vanquished.

Grand Total: 56 creatures vanquished

Notes
Turn   | Place    | Note
-------+----------+-------------------------------------------
     0 | D:1      | patchburns1 the Deep Elf Air Elementalist began the quest
                  | for the Orb.
     0 | D:1      | Reached XP level 1. HP: 10/10 MP: 6/6
   564 | D:1      | Reached XP level 2. HP: 13/15 MP: 4/8
  1478 | D:2      | Reached XP level 3. HP: 5/19 MP: 7/10
  1612 | D:2      | Reached XP level 4. HP: 9/24 MP: 3/11
  1958 | D:2      | Found a sparkling altar of Nemelex Xobeh.
  2891 | D:3      | Learned a level 2 spell: Static Discharge
  2938 | D:3      | Noticed Sigmund
  2945 | D:3      | Killed Sigmund
  2946 | D:3      | Reached skill level 1 in Fighting
  2946 | D:3      | Reached XP level 5. HP: 6/29 MP: 9/13
  2951 | D:3      | HP: 2/43 [poisoned by Sigmund]
  2953 | D:3      | Succumbed to Sigmund's poison

Illustrated notes

Levels and vault maps discovered:
D:1:      minmay_arrival_diagonal_passages, layout_loops_ring
D:2:      layout_basic, basic_altar, serial_bayou, serial_bayou_lagoon_b,
          serial_bayou_crossing, serial_bayou_pond_e, serial_bayou_pond_e,
          minmay_heptomino_w4
D:3:      layout_basic, uniq_robin, uniq_sigmund

Skill      XL: |  1  2  3  4 |
---------------+-------------+-----
Conjurations   | 2 |  2.9
Dodging        | 3 |  3.4
Stealth        | 3 |  3.3
Fighting       | 1 |  1.0
Spellcasting   | 4 |  4.5
Air Magic      | 4 |  4.1
Staves         | |  0.8

Action                   |  1- 3 |  4- 6 || total
-------------------------+-------+-------++-------
Melee: Unarmed           |     1 |       ||     1
       Club              |     7 |       ||     7
       Dagger            |       |    16 ||    16
       Quarterstaff      |       |     5 ||     5
 Cast: Shock             |    50 |    24 ||    74
       Static Discharge  |       |     1 ||     1
  Use: Potion            |       |     3 ||     3
Armor: Robe              |    12 |     1 ||    13
Dodge: Dodged            |    24 |     7 ||    31

Table legend: (Time is in decaauts)
 A = Elapsed time spent in this place.
 B = Non-inter-level travel time spent in this place.
 C = Inter-level travel time spent in this place.
 D = Time resting spent in this place.
 E = Time spent auto-exploring this place.
 F = Levels seen in this place.
 G = Mean time per level.
                   A        B        C        D        E       F      G
               +--------+--------+--------+--------+--------+-----+--------+
         Total |   2996 |   2996 |      0 |   1111 |    876 |   3 |  998.7 |
       Dungeon |   2996 |   2996 |      0 |   1111 |    876 |   3 |  998.7 |
               +--------+--------+--------+--------+--------+-----+--------+

Top non-repeatable levels by time:
     D:2: 1793 daAuts
     D:1: 1120 daAuts
     D:3: 83 daAuts
